 Dungeon Crawl Stone Soup version 0.19.1-1-g22dce08 (webtiles) character file.

140 esteth the Stinger (level 5, -1/25 HPs)
             Began as a Vine Stalker Transmuter on Jan 8, 2017.
             Succumbed to an adder's poison
             ... on level 4 of the Dungeon.
             The game lasted 00:07:49 (2373 turns).

esteth the Stinger (Vine Stalker Transmuter)        Turns: 2373, Time: 00:07:50

Health: -1/25      AC:  2    Str: 13    XL:     5   Next: 23%
Magic:  0/9        EV: 19    Int: 19    God:
Gold:   131        SH:  0    Dex: 19    Spells: 3 memorised, 2 levels left

rFire  + . .     SeeInvis .       - Unarmed
rCold  x . .     Gourm    +     (armour currently unavailable)
rNeg   . . .     Faith    .     (shield currently unavailable)
rPois  x         Spirit   +     (helmet currently unavailable)
rElec  .         Reflect  .     (cloak currently unavailable)
rCorr  .         Harm     .     (gloves currently unavailable)
MR     .....                    (boots currently unavailable)
Stlth  ++........               i - amulet of the gourmand
                                (no ring)
                                j - ring of fire

@: brilliant, lethally poisoned (-1 -> -14), spider-form (expiring), very
slightly contaminated
A: (fangs 0), regeneration 1, magic shield, (antimagic bite), no device heal 3,
rot immunity
a: End Transformation


You were on level 4 of the Dungeon.
You were full.
You were a venomous arachnid creature.
You visited 1 branch of the dungeon, and saw 4 of its levels.

You collected 131 gold pieces.

Inventory:

Missiles
 a - 26 arrows (quivered)
Armour
 b - a +0 robe (melded)
Jewellery
 i - an amulet of the gourmand (around neck)
 j - a ring of fire (left front leg)
Scrolls
 e - a scroll of blinking {unknown}
 f - a scroll of remove curse {unknown}
 h - a scroll of amnesia {unknown}
Potions
 l - a potion of degeneration {unknown}
 n - a potion of agility {unknown}
Books
 c - a book of Changes

   Spells                             Type                      Level
   a - Beastly Appendage              Transmutation                1
   b - Sticks to Snakes               Transmutation                2
   c - Spider Form                    Transmutation/Poison         3
   d - Ice Form                       Ice/Transmutation            4
   e - Blade Hands                    Transmutation                5
Comestibles
 d - 4 bread rations {@e1}
 g - a meat ration {@e2}
 m - a slice of pizza


   Skills:
 - Level 0.8 Fighting
 - Level 1.5 Dodging
 - Level 3.0 Unarmed Combat
 - Level 2.1 Spellcasting
 - Level 3.4 Transmutations
 + Level 3.7 Poison Magic


You had 2 spell levels left.
You knew the following spells:

 Your Spells              Type           Power        Failure   Level  Hunger
a - Beastly Appendage     Tmut           ####..       2%          1    #......
b - Spider Form           Tmut/Pois      ####......   3%          3    ###....
c - Sticks to Snakes      Tmut           ####....     3%          2    ##.....


Dungeon Overview and Level Annotations

Branches:
Dungeon (4/15)
 Temple: D:4-7

Altars:
Hepliaklqana

Portals:
Sewer: D:4

Annotations:
D:3 Sigmund


Innate Abilities, Weirdness & Mutations

((You have extremely sharp teeth.))
Your natural rate of healing is unusually fast.
When hurt, damage is shared between your health and your magic reserves.
((Your bite disrupts and absorbs the magic of your enemies.))
Potions and wands cannot restore your health.
You are immune to rotting.


Message History

You are more poisoned.
The adder poisons you!
The giant cockroach splashes around in the water.
The giant cockroach bites you.
You barely miss the adder.
You feel sick. The adder bites you.
You are lethally poisoned!
The adder poisons you! The giant cockroach misses you.
The giant cockroach barely misses you. The adder completely misses you.
You hit the adder.
The adder is severely wounded.
* * * LOW HITPOINT WARNING * * *
You feel sick.
The giant cockroach misses you. x2; The adder bites you.
* * * LOW HITPOINT WARNING * * *
You are too injured to fight recklessly!
* * * LOW HITPOINT WARNING * * *
You feel very sick.
You are too injured to fight recklessly!
It was a potion of brilliance.
You feel clever all of a sudden.
You die...

...##<........
#.#....######
#.......#######
#..........$..
##......###.#######
#.................#
##....#..#######...###.#
.....)...#≈≈≈≈S#.......#
.........#≈≈∩≈sss..#####
.........#≈≈≈≈≈#..?#
##...##..#######.###
##..!##........[.#
.##.###..........# ## .#
##........ # .#
#######.# # ..#


You could see an adder and 2 giant cockroaches.

Vanquished Creatures
  An orc priest (D:3)
  A worker ant (D:4)
  4 adders
  An ooze (D:2)
  2 dart slugs
  A leopard gecko (D:1)
  2 orcs
  A giant cockroach (D:2)
  6 goblins
  5 hobgoblins
  8 kobolds
  7 bats
  A quokka zombie (D:3)
  3 rats
43 creatures vanquished.

Notes
Turn   | Place    | Note
-------+----------+-------------------------------------------
     0 | D:1      | esteth the Vine Stalker Transmuter began the quest for the Orb.
     0 | D:1      | Reached XP level 1. HP: 9/9 MP: 4/4
   265 | D:1      | Reached XP level 2. HP: 13/14 MP: 4/6
  1198 | D:2      | Reached XP level 3. HP: 17/17 MP: 7/7
  1211 | D:2      | Learned a level 3 spell: Spider Form
  1274 | D:2      | Reached skill level 1 in Poison Magic
  1860 | D:2      | Learned a level 2 spell: Sticks to Snakes
  1931 | D:2      | Gained mutation: Your natural rate of healing is unusually fast. [Vine Stalker growth]
  1931 | D:2      | Reached XP level 4. HP: 14/21 MP: 6/8
  1986 | D:2      | Found a hazy altar of Hepliaklqana.
  2239 | D:3      | Noticed Sigmund
  2327 | D:4      | Reached XP level 5. HP: 21/25 MP: 4/9
  2334 | D:4      | Found a glowing drain.
  2372 | D:4      | HP: 1/25 [poisoned by an adder]
  2373 | D:4      | Succumbed to an adder's poison

Skill      XL: |  1  2  3  4 |
---------------+-------------+-----
Transmutations | 3 |  3.4
Poison Magic   | 2 3 |  3.7
Fighting       | |  0.8
Dodging        | |  1.5
Unarmed Combat | |  3.0
Spellcasting   | |  2.1

Action                   |  1- 3 |  4- 6 || total
-------------------------+-------+-------++-------
Melee: Unarmed           |    93 |    42 ||   135
       Bite              |    21 |     3 ||    24
       Headbutt          |     3 |     2 ||     5
       Kick              |     1 |     2 ||     3
 Cast: Beastly Appendage |     5 |     4 ||     9
       Sticks to Snakes  |       |     3 ||     3
       Spider Form       |       |     2 ||     2
  Use: Scroll            |     2 |       ||     2
       Potion            |       |     1 ||     1
 Stab: Sleeping          |     1 |       ||     1
  Eat: Chunk             |     9 |     3 ||    12
Armor: Robe              |    13 |     2 ||    15
       Skin              |       |     2 ||     2
Dodge: Dodged            |    58 |    35 ||    93
